[ PARTIDA AOE2 · #507367411 ]
UnrankedPolacos vs Shu
Equipo del jugador · DERR
Equipo rival · VICT
[ ANÁLISIS DE REPETICIÓN · EXTRAÍDO DE LA PARTIDA GRABADA ]
Feudal
8:26
Castillos
23:44
Imperial
51:17
| APM promedio | 58.6 |
| APM pico | 98 |
| eAPM promedio | 28.6 |
| Aldeanos / militares | 181 / 215 |
Foco
⚔️ 49.6% · 🌾 50.4%
Cavalry Archer ×82 · Scout Cavalry ×73 · Knight ×29 · Mangonel ×14 · Trebuchet (Packed) ×6 · Monk ×4
Feudal
9:16
Castillos
12:52
Imperial
59:34
| APM promedio | 67.2 |
| APM pico | 107 |
| eAPM promedio | 38.8 |
| Aldeanos / militares | 200 / 64 |
Foco
⚔️ 62.7% · 🌾 37.3%
Unknown (1959) ×258 · Battering Ram ×64 · Unknown (1962) ×16 · Unknown (1105) ×2
Mapa de la partida
Recursos iniciales + cada clic de construcción. Líneas = muros · curvas = relieve. ◆ oro · ⬟ piedra · ● bayas · ✦ reliquia · ◌ hueco del cierre
Tu base· ✓ Cerrada en 23:44 · 72t muro · 2 puerta(s)
Base de RedPhosphoru· Abierta — flanco sin cerrar
Terreno inicial suavizado · ◌ = hueco del cierre detectado · pasá el cursor para detalles
Inputs por minuto
— DS_Biry - - RedPhosphoru
Build order — DS_Biry
Primeras 150 de 676 acciones detectadas
| 0:00 | Crear | Villager (Male) |
| 0:01 | Crear | Villager (Male) |
| 0:01 | Crear | Villager (Male) |
| 0:01 | Crear | Villager (Male) |
| 0:01 | Crear | Villager (Male) |
| 0:02 | Construir | House |
| 0:03 | Construir | House |
| 1:33 | Crear | Villager (Male) |
| 1:33 | Crear | Villager (Male) |
| 1:56 | Crear | Villager (Male) |
| 1:57 | Crear | Villager (Male) |
| 2:19 | Crear | Villager (Male) |
| 2:20 | Crear | Villager (Male) |
| 2:21 | Construir | Lumber Camp |
| 2:46 | Crear | Villager (Male) |
| 3:08 | Crear | Villager (Male) |
| 3:08 | Crear | Villager (Male) |
| 3:08 | Crear | Villager (Male) |
| 3:45 | Crear | Villager (Male) |
| 3:56 | Construir | Mill |
| 4:03 | Crear | Villager (Male) |
| 4:03 | Crear | Villager (Male) |
| 4:41 | Crear | Villager (Male) |
| 5:08 | Crear | Villager (Male) |
| 5:32 | Crear | Villager (Male) |
| 6:14 | Investigar | Feudal Age |
| 6:14 | Investigar | Feudal Age |
| 6:46 | Investigar | Loom |
| 7:17 | Construir | Barracks |
| 8:07 | Construir | House |
| 8:26 | Edad | Edad Feudal |
| 8:30 | Crear | Villager (Male) |
| 8:32 | Construir | Watch Tower |
| 8:37 | Construir | Stable |
| 8:54 | Crear | Villager (Male) |
| 8:55 | Investigar | Double-Bit Axe |
| 9:26 | Construir | House |
| 9:34 | Construir | Farm |
| 9:43 | Crear | Villager (Male) |
| 9:50 | Crear | Scout Cavalry |
| 9:50 | Crear | Scout Cavalry |
| 9:54 | Construir | Palisade Wall |
| 9:55 | Construir | Palisade Wall |
| 9:55 | Construir | Palisade Wall |
| 9:56 | Construir | Palisade Wall |
| 10:03 | Crear | Villager (Male) |
| 10:05 | Construir | House |
| 10:26 | Crear | Villager (Male) |
| 10:32 | Construir | Farm |
| 10:44 | Construir | House |
| 10:54 | Construir | Farm |
| 10:56 | Crear | Villager (Male) |
| 11:08 | Construir | Farm |
| 11:14 | Crear | Scout Cavalry |
| 11:21 | Construir | Gate |
| 11:24 | Crear | Villager (Male) |
| 11:24 | Crear | Villager (Male) |
| 11:27 | Construir | Mill |
| 11:46 | Crear | Villager (Male) |
| 11:47 | Crear | Villager (Male) |
| 11:58 | Construir | Farm |
| 12:05 | Construir | Mining Camp |
| 12:13 | Crear | Villager (Male) |
| 12:38 | Crear | Scout Cavalry |
| 12:40 | Construir | Watch Tower |
| 12:42 | Crear | Villager (Male) |
| 12:43 | Construir | Farm |
| 12:58 | Construir | Stone Wall |
| 13:00 | Construir | Stone Wall |
| 13:07 | Construir | Watch Tower |
| 13:09 | Crear | Villager (Male) |
| 13:11 | Construir | Farm |
| 13:12 | Construir | Farm |
| 13:21 | Construir | Stone Wall |
| 13:24 | Construir | Stone Wall |
| 13:32 | Crear | Villager (Male) |
| 13:33 | Crear | Villager (Male) |
| 13:33 | Crear | Villager (Male) |
| 13:47 | Construir | Farm |
| 13:56 | Crear | Villager (Male) |
| 13:58 | Construir | House |
| 13:59 | Construir | Stone Wall |
| 14:09 | Construir | Watch Tower |
| 14:11 | Crear | Scout Cavalry |
| 14:13 | Construir | Farm |
| 14:21 | Crear | Scout Cavalry |
| 14:26 | Crear | Villager (Male) |
| 14:27 | Construir | Farm |
| 14:40 | Crear | Scout Cavalry |
| 14:57 | Crear | Villager (Male) |
| 15:00 | Construir | Stable |
| 15:07 | Crear | Villager (Male) |
| 15:11 | Construir | Stone Wall |
| 15:15 | Crear | Scout Cavalry |
| 15:17 | Construir | Stone Wall |
| 15:23 | Construir | Watch Tower |
| 15:26 | Crear | Villager (Male) |
| 15:31 | Construir | Palisade Wall |
| 15:33 | Construir | Stone Wall |
| 15:43 | Crear | Villager (Male) |
| 16:02 | Construir | Stone Wall |
| 16:04 | Crear | Scout Cavalry |
| 16:05 | Crear | Scout Cavalry |
| 16:18 | Crear | Villager (Male) |
| 16:21 | Construir | Stone Wall |
| 16:30 | Construir | Watch Tower |
| 16:43 | Crear | Scout Cavalry |
| 16:47 | Crear | Villager (Male) |
| 16:48 | Crear | Villager (Male) |
| 16:48 | Crear | Villager (Male) |
| 16:59 | Construir | Stone Wall |
| 17:15 | Construir | Stone Wall |
| 17:16 | Construir | Stone Wall |
| 17:19 | Crear | Villager (Male) |
| 17:25 | Construir | Farm |
| 17:35 | Crear | Villager (Male) |
| 17:38 | Construir | Market |
| 18:01 | Crear | Villager (Male) |
| 18:04 | Construir | Blacksmith |
| 18:13 | Investigar | Horse Collar |
| 18:21 | Construir | Watch Tower |
| 18:37 | Construir | Stone Wall |
| 18:42 | Construir | Watch Tower |
| 18:46 | Crear | Villager (Male) |
| 19:01 | Construir | Mining Camp |
| 19:11 | Crear | Villager (Male) |
| 19:28 | Construir | Farm |
| 19:30 | Construir | Farm |
| 19:43 | Crear | Villager (Male) |
| 19:46 | Construir | Watch Tower |
| 19:53 | Crear | Villager (Male) |
| 19:57 | Construir | Mill |
| 20:27 | Construir | Farm |
| 20:38 | Construir | Stone Wall |
| 20:40 | Construir | Stone Wall |
| 20:41 | Construir | Stone Wall |
| 20:54 | Construir | House |
| 21:03 | Construir | Farm |
| 21:04 | Investigar | Castle Age |
| 21:04 | Investigar | Castle Age |
| 21:13 | Construir | Stone Wall |
| 21:16 | Construir | Stone Wall |
| 21:30 | Construir | Stone Wall |
| 21:36 | Construir | Lumber Camp |
| 21:37 | Crear | Scout Cavalry |
| 21:37 | Crear | Scout Cavalry |
| 21:41 | Investigar | Bloodlines |
| 21:55 | Construir | Stone Wall |
| 22:05 | Crear | Villager (Male) |
| 22:09 | Construir | Stone Wall |
Build order — RedPhosphoru
Primeras 150 de 806 acciones detectadas
| 0:00 | Crear | Villager (Male) |
| 0:01 | Crear | Villager (Male) |
| 0:02 | Crear | Villager (Male) |
| 0:03 | Construir | House |
| 0:04 | Construir | House |
| 0:08 | Crear | Villager (Male) |
| 1:11 | Crear | Villager (Male) |
| 1:58 | Crear | Villager (Male) |
| 2:19 | Crear | Villager (Male) |
| 2:21 | Construir | Lumber Camp |
| 2:31 | Crear | Villager (Male) |
| 2:55 | Crear | Villager (Male) |
| 3:08 | Crear | Villager (Male) |
| 3:30 | Construir | House |
| 3:31 | Construir | House |
| 3:33 | Crear | Villager (Male) |
| 3:56 | Crear | Villager (Male) |
| 4:24 | Construir | Palisade Wall |
| 4:25 | Construir | Palisade Wall |
| 4:25 | Construir | Palisade Wall |
| 4:26 | Construir | Palisade Wall |
| 4:26 | Construir | Palisade Wall |
| 4:26 | Construir | Palisade Wall |
| 4:27 | Construir | Palisade Wall |
| 4:30 | Crear | Villager (Male) |
| 4:46 | Crear | Villager (Male) |
| 4:51 | Crear | Villager (Male) |
| 5:12 | Construir | Mill |
| 5:20 | Crear | Villager (Male) |
| 5:34 | Crear | Villager (Male) |
| 5:43 | Crear | Villager (Male) |
| 5:47 | Construir | Palisade Wall |
| 5:54 | Construir | Palisade Wall |
| 5:55 | Construir | Palisade Wall |
| 5:56 | Construir | Palisade Wall |
| 6:10 | Crear | Villager (Male) |
| 7:05 | Investigar | Feudal Age |
| 7:12 | Investigar | Loom |
| 7:30 | Crear | Villager (Male) |
| 9:16 | Edad | Edad Feudal |
| 9:18 | Construir | Market |
| 9:31 | Construir | Blacksmith |
| 9:54 | Construir | Palisade Wall |
| 10:03 | Construir | Palisade Wall |
| 10:12 | Investigar | Castle Age |
| 10:22 | Construir | House |
| 10:31 | Construir | Palisade Wall |
| 10:31 | Construir | Palisade Wall |
| 10:32 | Construir | Palisade Wall |
| 10:41 | Construir | House |
| 10:42 | Construir | House |
| 11:01 | Investigar | Double-Bit Axe |
| 11:27 | Construir | Mining Camp |
| 11:41 | Crear | Villager (Male) |
| 12:31 | Crear | Villager (Male) |
| 12:43 | Construir | Farm |
| 12:44 | Construir | Farm |
| 12:52 | Edad | Edad de los Castillos |
| 12:57 | Construir | Siege Workshop |
| 13:03 | Construir | House |
| 13:29 | Construir | Farm |
| 13:30 | Construir | Farm |
| 13:34 | Crear | Unit 1962 |
| 13:38 | Construir | House |
| 13:51 | Construir | House |
| 13:53 | Construir | House |
| 13:56 | Construir | Palisade Wall |
| 13:59 | Construir | Palisade Wall |
| 14:13 | Crear | Villager (Male) |
| 14:17 | Construir | House |
| 14:23 | Construir | Palisade Gate |
| 14:26 | Crear | Villager (Male) |
| 14:57 | Crear | Unit 1962 |
| 15:05 | Construir | Palisade Gate |
| 15:11 | Construir | House |
| 15:15 | Construir | Farm |
| 15:16 | Construir | Farm |
| 15:17 | Crear | Villager (Male) |
| 15:32 | Crear | Unit 1962 |
| 15:38 | Construir | Farm |
| 15:40 | Construir | Farm |
| 15:45 | Crear | Villager (Male) |
| 15:47 | Construir | Farm |
| 16:11 | Crear | Villager (Male) |
| 16:21 | Construir | House |
| 16:23 | Construir | House |
| 16:26 | Construir | Palisade Wall |
| 16:41 | Construir | Palisade Wall |
| 16:47 | Crear | Unit 1962 |
| 16:48 | Crear | Unit 1962 |
| 17:03 | Construir | Farm |
| 17:05 | Construir | Farm |
| 17:06 | Construir | Farm |
| 17:07 | Construir | Farm |
| 17:34 | Crear | Villager (Male) |
| 17:37 | Construir | House |
| 17:44 | Crear | Unit 1962 |
| 17:50 | Crear | Villager (Male) |
| 18:07 | Crear | Villager (Male) |
| 18:29 | Crear | Unit 1962 |
| 18:41 | Crear | Unit 1962 |
| 18:54 | Crear | Villager (Male) |
| 19:03 | Construir | Mill |
| 19:04 | Construir | Farm |
| 19:04 | Construir | Farm |
| 19:05 | Construir | Farm |
| 19:10 | Crear | Unit 1962 |
| 19:10 | Crear | Unit 1962 |
| 19:25 | Crear | Villager (Male) |
| 19:29 | Construir | House |
| 19:41 | Crear | Unit 1962 |
| 19:41 | Crear | Unit 1962 |
| 20:11 | Crear | Battering Ram |
| 20:11 | Crear | Battering Ram |
| 20:26 | Crear | Villager (Male) |
| 20:33 | Crear | Villager (Male) |
| 20:50 | Crear | Villager (Male) |
| 20:58 | Crear | Villager (Male) |
| 21:02 | Crear | Villager (Male) |
| 21:11 | Crear | Villager (Male) |
| 21:26 | Crear | Villager (Male) |
| 21:30 | Crear | Villager (Male) |
| 21:52 | Crear | Villager (Male) |
| 22:23 | Crear | Villager (Male) |
| 22:26 | Crear | Villager (Male) |
| 22:44 | Crear | Villager (Male) |
| 22:49 | Construir | Town Center |
| 23:06 | Crear | Villager (Male) |
| 23:23 | Crear | Villager (Male) |
| 23:35 | Crear | Unit 1962 |
| 23:36 | Crear | Unit 1962 |
| 23:43 | Crear | Villager (Male) |
| 23:54 | Investigar | Bow Saw |
| 24:03 | Crear | Villager (Male) |
| 24:17 | Crear | Villager (Male) |
| 24:19 | Construir | Farm |
| 24:20 | Construir | Farm |
| 24:20 | Construir | Farm |
| 24:20 | Construir | Farm |
| 24:25 | Investigar | Horse Collar |
| 24:28 | Crear | Villager (Male) |
| 24:32 | Crear | Villager (Male) |
| 24:38 | Construir | House |
| 24:45 | Crear | Villager (Male) |
| 24:57 | Crear | Villager (Male) |
| 25:24 | Crear | Villager (Male) |
| 25:25 | Crear | Villager (Male) |
| 25:34 | Construir | Farm |
| 25:34 | Construir | Farm |
| 25:34 | Construir | Farm |
Cronología de la partida
| 4:24 | RedPhosphoru · wall_segment Palisade Wall x1 |
| 4:25 | RedPhosphoru · wall_segment Palisade Wall x1 |
| 4:25 | RedPhosphoru · wall_segment Palisade Wall x1 |
| 4:26 | RedPhosphoru · wall_segment Palisade Wall x1 |
| 4:26 | RedPhosphoru · wall_segment Palisade Wall x1 |
| 4:26 | RedPhosphoru · wall_segment Palisade Wall x1 |
| 4:27 | RedPhosphoru · wall_segment Palisade Wall x1 |
| 5:47 | RedPhosphoru · wall_segment Palisade Wall x5 |
| 5:54 | RedPhosphoru · wall_segment Palisade Wall x1 |
| 5:55 | RedPhosphoru · wall_segment Palisade Wall x1 |
| 5:56 | RedPhosphoru · wall_segment Palisade Wall x1 |
| 7:17 | DS_Biry · first_building Barracks |
| 8:26 | DS_Biry · age_up feudal |
| 8:37 | DS_Biry · first_building Stable |
| 9:16 | RedPhosphoru · age_up feudal |
| 9:54 | DS_Biry · wall_segment Palisade Wall x1 |
| 9:54 | RedPhosphoru · wall_segment Palisade Wall x5 |
| 9:55 | DS_Biry · wall_segment Palisade Wall x1 |
| 9:55 | DS_Biry · wall_segment Palisade Wall x1 |
| 9:56 | DS_Biry · wall_segment Palisade Wall x1 |
| 10:03 | RedPhosphoru · wall_segment Palisade Wall x1 |
| 10:10 | RedPhosphoru · first_market_sell 100 stone |
| 10:31 | RedPhosphoru · wall_segment Palisade Wall x1 |
| 10:31 | RedPhosphoru · wall_segment Palisade Wall x1 |
| 10:32 | RedPhosphoru · wall_segment Palisade Wall x1 |
| 12:52 | RedPhosphoru · age_up castle |
| 12:57 | RedPhosphoru · first_building Siege Workshop |
| 12:58 | DS_Biry · wall_segment Stone Wall x1 |
| 13:00 | DS_Biry · wall_segment Stone Wall x1 |
| 13:21 | DS_Biry · wall_segment Stone Wall x1 |
| 13:24 | DS_Biry · wall_segment Stone Wall x1 |
| 13:56 | RedPhosphoru · wall_segment Palisade Wall x1 |
| 13:59 | RedPhosphoru · wall_segment Palisade Wall x1 |
| 13:59 | DS_Biry · wall_segment Stone Wall x4 |
| 14:57 | RedPhosphoru · first_market_buy 100 food |
| 15:11 | DS_Biry · wall_segment Stone Wall x11 |
| 15:17 | DS_Biry · wall_segment Stone Wall x4 |
| 15:31 | DS_Biry · wall_segment Palisade Wall x1 |
| 15:33 | DS_Biry · wall_segment Stone Wall x3 |
| 16:02 | DS_Biry · wall_segment Stone Wall x3 |
| 16:21 | DS_Biry · wall_segment Stone Wall x7 |
| 16:26 | RedPhosphoru · wall_segment Palisade Wall x1 |
| 16:41 | RedPhosphoru · wall_segment Palisade Wall x1 |
| 16:59 | DS_Biry · wall_segment Stone Wall x2 |
| 17:15 | DS_Biry · wall_segment Stone Wall x3 |
| 17:16 | DS_Biry · wall_segment Stone Wall x1 |
| 18:37 | DS_Biry · wall_segment Stone Wall x3 |
| 20:19 | DS_Biry · first_market_buy 100 food |
| 20:38 | DS_Biry · wall_segment Stone Wall x1 |
| 20:40 | DS_Biry · wall_segment Stone Wall x1 |
| 20:41 | DS_Biry · wall_segment Stone Wall x1 |
| 21:13 | DS_Biry · wall_segment Stone Wall x2 |
| 21:16 | DS_Biry · wall_segment Stone Wall x1 |
| 21:30 | DS_Biry · wall_segment Stone Wall x9 |
| 21:55 | DS_Biry · wall_segment Stone Wall x6 |
| 22:09 | DS_Biry · wall_segment Stone Wall x1 |
| 22:18 | DS_Biry · wall_segment Stone Wall x1 |
| 22:25 | DS_Biry · wall_segment Stone Wall x1 |
| 23:44 | DS_Biry · age_up castle |
| 24:30 | DS_Biry · first_market_sell 100 stone |
| 24:34 | DS_Biry · first_building Siege Workshop |
| 27:44 | RedPhosphoru · first_building Castle |
| 28:20 | RedPhosphoru · wall_segment Stone Wall x7 |
| 33:06 | DS_Biry · first_building Monastery |
| 33:36 | DS_Biry · wall_segment Stone Wall x1 |
| 33:37 | DS_Biry · wall_segment Stone Wall x1 |
| 33:37 | DS_Biry · wall_segment Stone Wall x1 |
| 33:38 | DS_Biry · wall_segment Stone Wall x1 |
| 33:52 | RedPhosphoru · wall_segment Stone Wall x1 |
| 33:53 | RedPhosphoru · wall_segment Stone Wall x1 |
| 33:53 | RedPhosphoru · wall_segment Stone Wall x1 |
| 33:53 | RedPhosphoru · wall_segment Stone Wall x1 |
| 33:55 | RedPhosphoru · wall_segment Stone Wall x1 |
| 33:56 | RedPhosphoru · wall_segment Stone Wall x1 |
| 34:13 | RedPhosphoru · wall_segment Stone Wall x1 |
| 34:53 | RedPhosphoru · wall_segment Stone Wall x1 |
| 34:54 | RedPhosphoru · wall_segment Stone Wall x1 |
| 34:54 | RedPhosphoru · wall_segment Stone Wall x1 |
| 34:55 | RedPhosphoru · wall_segment Stone Wall x1 |
| 34:55 | RedPhosphoru · wall_segment Stone Wall x1 |
| 34:56 | RedPhosphoru · wall_segment Stone Wall x1 |
| 34:57 | RedPhosphoru · wall_segment Stone Wall x1 |
| 34:58 | RedPhosphoru · wall_segment Stone Wall x1 |
| 36:24 | RedPhosphoru · wall_segment Stone Wall x3 |
| 37:05 | DS_Biry · first_building Archery Range |
| 37:41 | RedPhosphoru · first_building Barracks |
| 39:18 | DS_Biry · wall_segment Stone Wall x1 |
| 39:30 | DS_Biry · wall_segment Stone Wall x3 |
| 39:42 | DS_Biry · wall_segment Stone Wall x1 |
| 42:14 | DS_Biry · wall_segment Stone Wall x1 |
| 44:37 | DS_Biry · wall_segment Stone Wall x1 |
| 45:13 | DS_Biry · wall_segment Stone Wall x1 |
| 50:18 | DS_Biry · wall_segment Stone Wall x1 |
| 51:17 | DS_Biry · age_up imperial |
| 52:13 | DS_Biry · wall_segment Stone Wall x6 |
| 52:42 | DS_Biry · wall_segment Stone Wall x1 |
| 52:57 | DS_Biry · wall_segment Stone Wall x1 |
| 53:12 | DS_Biry · wall_segment Stone Wall x1 |
| 53:15 | DS_Biry · wall_segment Stone Wall x1 |
| 55:31 | DS_Biry · wall_segment Stone Wall x1 |
| 57:00 | DS_Biry · first_building Castle |
| 59:15 | RedPhosphoru · first_building Monastery |
| 59:34 | RedPhosphoru · age_up imperial |
| 63:37 | DS_Biry · resign |
[ ANÁLISIS IA · 1 CRÉDITO ]
¿Qué pasó realmente en esta partida?
Wolo.gg analiza cada decisión: build order, eco, micro, errores típicos por bracket. Análisis personalizado por WhatsApp o Discord en 30 segundos.
Guía civ
Polacos
Perfil
Jugador #12952693